 Dungeon Crawl Stone Soup version 0.19-a0-1021-g80cc50c (webtiles) character file.

271 Gagarin the Poker (level 6, -1/56 HPs)
             Began as a Naga Gladiator on July 27, 2016.
             Shot with an arrow by a centaur (4 damage)
             ... on level 3 of the Dungeon.
             The game lasted 00:04:52 (2237 turns).

Gagarin the Poker (Naga Gladiator)                  Turns: 2237, Time: 00:04:53

Health: -1/56      AC:  8    Str: 20    XL:     6   Next: 23%
Magic:  6/6        EV: 10    Int:  8    God:
Gold:   159        SH:  0    Dex: 11    Spells: 0 memorised, 5 levels left

rFire  . . .     SeeInvis +     u - +2 trident (venom)
rCold  . . .     Gourm    .     b - +0 leather armour
rNeg   . . .     Faith    .     (no shield)
rPois  +         Spirit   .     c - +0 helmet
rElec  .         Dismiss  .     s - +2 cloak
rCorr  .         Reflect  .     (no gloves)
SustAt .         Harm     .     (no barding)
MR     .....                    (no amulet)
Stlth  ++........               (no ring)
                                (no ring)

@: very slow, not resistant to hostile enchantments, unstealthy
A: see invisible, deformed body, poison resistance, slowness 2, slow metabolism
1, spit poison 2, AC +2
a: Spit Poison


You were on level 3 of the Dungeon.
You were not hungry.

You visited 1 branch of the dungeon, and saw 3 of its levels.

You collected 159 gold pieces.

Inventory:

Hand Weapons
 a - a +0 trident
 u - a +2 trident of venom (weapon)
Missiles
 d - 3 throwing nets (quivered)
 g - 40 bolts
Armour
 b - a +0 leather armour (worn)
 c - a +0 helmet (worn)
 s - a +2 cloak (worn)
Jewellery
 n - an uncursed ring of positive energy {unknown}
Scrolls
 j - 2 scrolls of magic mapping {unknown}
 k - a scroll of enchant armour {unknown}
 m - 2 scrolls of identify {unknown}
 p - 2 scrolls of remove curse
 q - 2 scrolls of noise
 w - a scroll of fear {unknown}
 y - a scroll of enchant weapon {unknown}
Potions
 e - 3 potions of curing {unknown}
 h - a potion of invisibility {unknown}
 l - 2 potions of resistance {unknown}
 o - a potion of flight {unknown}
 r - a potion of heal wounds {unknown}
 v - a potion of lignification {unknown}
 z - a potion of haste {unknown}
Comestibles
 f - 2 bread rations
 i - 3 beef jerkies
 t - 3 chunks of flesh
 x - 5 fruits


   Skills:
 + Level 3.0 Fighting
 + Level 4.0 Polearms
 + Level 1.8 Throwing
 + Level 2.3 Armour
 + Level 3.6 Dodging
 + Level 2.1 Stealth


You had 5 spell levels left.
You didn't know any spells.

Dungeon Overview and Level Annotations

Branches:
Dungeon (3/15)

Altars:
Makhleb
Ru


Innate Abilities, Weirdness & Mutations

You cannot wear boots.
Your serpentine skin is tough. (AC +2)
You have supernaturally acute eyesight. (SInv)
Armour fits poorly on your strangely shaped body.
Your system is resistant to poisons. (rPois)
You cover ground very slowly.
You have a slow metabolism.
You can spit poison.


Message History

The centaur shoots an arrow.
The arrow barely misses you.
The centaur shoots an arrow.
The arrow hits you. The arrow burns you.
You see here an arrow.
The centaur shoots an arrow.
The arrow hits you. The arrow burns you.
The centaur shoots an arrow.
The arrow hits you but does no damage.
The centaur shoots an arrow.
The arrow hits you but does no damage.
The centaur shoots an arrow.
The arrow hits you! The arrow burns you.
You see here 2 arrows.
The centaur shoots an arrow.
The arrow hits you but does no damage.
The centaur shoots an arrow.
The arrow hits you!
* * * LOW HITPOINT WARNING * * *
The arrow burns you.
* * * LOW HITPOINT WARNING * * *
You see here 2 arrows.
You are too injured to fight recklessly!
You are too injured to fight recklessly!
The centaur shoots an arrow.
The arrow hits you!
* * * LOW HITPOINT WARNING * * *
The arrow burns you.
You die...

#.......##.# #.......##[#
#########...[...##.# .
.................... #
#..............##.# #
########..............##..
#
#.....................##..
#
#.....................##..
#......c.@..........[..#..
#.........((.((..##....#..
#................##....#..
#................##....#..
#................##....#.#
#................##....#.#
#................##....#.#
##................##....#.#
#........#........##....#..


You could see a centaur.

Vanquished Creatures
  A hungry ghost (D:3)
  Jessica (D:2)
  An iguana (D:3)
  An adder (D:3)
  An ooze (D:3)
  2 dart slugs
  3 giant geckos (D:2)
  An orc (D:3)
  11 bats
  5 giant cockroaches
  4 hobgoblins
  7 jackals
  4 giant newts
  3 goblins
  10 kobolds
  8 rats
  A plant (D:2)
64 creatures vanquished.

Notes
Turn   | Place    | Note
-------+----------+-------------------------------------------
     0 | D:1      | Gagarin the Naga Gladiator began the quest for the Orb.
     0 | D:1      | Reached XP level 1. HP: 19/19 MP: 1/1
   103 | D:1      | Reached XP level 2. HP: 14/26 MP: 2/2
   832 | D:2      | Reached XP level 3. HP: 19/32 MP: 3/3
  1006 | D:2      | Noticed Jessica
  1011 | D:2      | Killed Jessica
  1011 | D:2      | Reached skill level 1 in Armour
  1039 | D:2      | Reached skill level 1 in Stealth
  1039 | D:2      | Reached XP level 4. HP: 26/39 MP: 4/4
  1347 | D:2      | Found a burning altar of Makhleb.
  1542 | D:2      | Found a sacrificial altar of Ru.
  1732 | D:3      | Noticed a hungry ghost
  1766 | D:3      | Killed a hungry ghost
  1766 | D:3      | Reached skill level 4 in Polearms
  1766 | D:3      | Reached XP level 5. HP: 28/46 MP: 5/5
  1856 | D:3      | Reached XP level 6. HP: 36/55 MP: 6/6
  2237 | D:3      | Shot with an arrow by a centaur

Vault maps used:
D:1:      mushboom_english_gardens
D:2:      lemuel_coloured_pillars_altar, nicolae_ru_path_of_blood,
          lexackson_kobold_supper, uniq_jessica
D:3:      first_bread

Skill      XL: |  1  2  3  4  5  6 |
---------------+-------------------+-----
Armour         | 1 2 |  2.3
Dodging        | 3 |  3.6
Stealth        | 1 2 |  2.1
Polearms       | 4 |  4.0
Fighting       | 3 |  3.0
Throwing       | |  1.8

Action                   |  1- 3 |  4- 6 || total
-------------------------+-------+-------++-------
Melee: Trident           |    70 |   122 ||   192
  Use: Scroll            |       |     2 ||     2
  Eat: Chunk             |       |     8 ||     8
Armor: Leather armour    |    26 |    49 ||    75
Dodge: Dodged            |    41 |    65 ||   106
